 Dungeon Sprint DCSS version 0.17-a0-1831-gaadb308 (webtiles) character file.

91 Kidiri the Covered (level 4, -2/30 HPs)
             Began as a Gargoyle Fighter on Sept 14, 2015.
             Slain by a human
             ... wielding a +0 dagger of protection
              (10 damage)
             ... in the Dungeon (Sprint III: "The Ten Rune Challenge").
             The game lasted 00:02:25 (606 turns).

Kidiri the Covered (Gargoyle Fighter)                Turns: 606, Time: 00:02:25

Health: -2/30      AC: 11    Str: 20    XL:     4   Next: 59%
Magic:  4/4        EV:  8    Int: 11    God:
Gold:   28         SH: 10    Dex:  9    Spells: 0 memorised, 3 levels left

rFire  . . .     SeeInvis .     a - +0 flail
rCold  . . .     Clarity  .     b - +0 scale mail
rNeg   + . .     SustAt   .     c - +0 shield
rPois  ∞         Gourm    .     (no helmet)
rElec  +         Spirit   .     (no cloak)
rCorr  .         Warding  .     (no gloves)
rMut   .         NoTele   +     (no boots)
MR     +....                    (no amulet)
Stlth  ..........               (no ring)
                                (no ring)

@: somewhat resistant to hostile enchantments, extremely unstealthy
A: big wings, blurry vision 1, clever 1, magic resistance 1, negative energy
resistance 1, electricity resistance, unbreathing, petrification resistance, rot
immunity, AC +3
a: Fly


You were in the Dungeon.
You were not hungry.

You visited 1 branch You collected 28 gold pieces.

Inventory:

Hand weapons
 a - a +0 flail (weapon)
Armour
 b - a +0 scale mail (worn)
 c - a +0 shield (worn)
Scrolls
 k - a scroll of blinking
 n - a scroll of immolation
 p - 2 scrolls of remove curse
 s - a scroll of holy word {unknown}
Potions
 d - a potion of might
 f - a potion of curing
 h - a potion of haste
 i - 2 potions of magic
 m - a potion of resistance
 r - 6 potions of flight
 u - a potion of cure mutation
Comestibles
 e - a bread ration
 q - a meat ration
 t - a royal jelly


   Skills:
 + Level 4.6 Fighting
 * Level 4.6 Maces & Flails
 * Level 5.7 Armour
 + Level 2.2 Dodging
 * Level 5.7 Shields


You had 3 spell levels left.
You didn't know any spells.

Dungeon Overview and Level Annotations

Branches:
Dungeon (1/1)

Altars:
Okawaru
Trog


Innate Abilities, Weirdness & Mutations

You are resistant to torment.
Your stone body is resilient (AC +3).
You are immune to poison.
You resist negative energy.
You are resistant to electric shocks.
You can survive without breathing.
You are immune to petrification.
You are immune to rotting.
Your large and strong wings let you fly indefinitely.
Scrolls take you a little longer to read.
Your mind is acute. (Int +2)
You are resistant to hostile enchantments.


Message History

You block the human's attack. The human hits you.
You barely miss the human.
The human is lightly wounded.
The human completely misses you. You block the human's attack.
The human drinks a potion.
The human goes berserk!
The human hits you.
The human hits you with a dagger of protection!
The human hits you with a dagger of protection.
The human hits you with a dagger of protection.
The human completely misses you. The human closely misses you.
The human rages.
The human rages.
The human hits you with a dagger of protection.
* * * LOW HITPOINT WARNING * * *
You block the human's attack. The human hits you but does no damage.
You block the human's attack.
There is an open door here.
The human hits you with a dagger of protection!
You die...

▓▓▓▓▓▓▓▓▓▓▓ ▓▓▓
▓<.#..+...♣♣♣ ♣.#
▓..#..#.....♣♣ ♣♣.#
▓#'####....♣.♣ ♣..#
▓.....#....≈.♣♣♣♣.###
▓.....#...≈≈.♣....#..
▓.....#..≈≈≈≈.♣♣..'.⌠
▓####'#..≈≈≈≈≈≈...#..
▓...@.#.≈≈≈≈≈≈....#.⌠
▓..p..#.≈≈≈≈≈.....#..
▓.....#.≈≈≈.......#+#
▓p#####...........#
▓..p..............#
▓▓▓▓▓▓▓▓▓▓▓▓▓▓▓▓▓▓▓


You could see 2 humans.

Vanquished Creatures
  A water elemental (D)
  A human (D)
  An ooze (D)
  A phantom (D)
  3 rats (D)
7 creatures vanquished.

Vanquished Creatures (others)
  2 draconian scorchers (D)
  A yaktaur (D)
3 creatures vanquished.

Grand Total: 10 creatures vanquished

Notes
Turn   | Place    | Note
--------------------------------------------------------------
     0 | D        | Kidiri the Gargoyle Fighter began the quest for the Orb.
     0 | D        | Reached XP level 1. HP: 14/14 MP: 1/1
    23 | D        | Reached skill level 4 in Armour
    23 | D        | Reached XP level 2. HP: 19/19 MP: 2/2
    71 | D        | Reached skill level 1 in Dodging
    71 | D        | Reached XP level 3. HP: 7/24 MP: 3/3
    90 | D        | Killed a yaktaur
   205 | D        | Killed a white draconian scorcher
   276 | D        | Killed a white draconian scorcher
   304 | D        | Gained mutation: You possess an exceptional clarity of mind. [potion of mutation]
   304 | D        | Lost mutation: You possess an exceptional clarity of mind. [potion of mutation]
   304 | D        | Gained mutation: You are resistant to hostile enchantments. [potion of mutation]
   305 | D        | Gained mutation: Your large and strong wings let you fly indefinitely. [potion of mutation]
   305 | D        | Gained mutation: Your mind is acute. (Int +2) [potion of mutation]
   305 | D        | Gained mutation: Scrolls take you a little longer to read. [potion of mutation]
   334 | D        | Noticed a water elemental
   366 | D        | Killed a water elemental
   366 | D        | Reached skill level 5 in Armour
   366 | D        | Reached skill level 5 in Shields
   366 | D        | Reached XP level 4. HP: 16/30 MP: 4/4
   577 | D        | Found an iron altar of Okawaru.
   577 | D        | Found a bloodstained altar of Trog.
   577 | D        | Noticed a human
   577 | D        | Noticed a human
   606 | D        | Slain by a human

Vault maps used:
D:        dungeon_sprint_mu

Action                   |  1- 3 |  4- 6 || total
-------------------------+-------+-------++-------
Melee: Flail             |    40 |     4 ||    44
  Use: Potion            |     4 |       ||     4
       Scroll            |     3 |       ||     3
